 Dungeon Crawl Stone Soup version 0.26-a0-34-g9e0bf03 (webtiles) character file.

Game seed: 17845311319499497268, levelgen mode: deterministic

8125 Blackhawk the Carver (level 11, -6/87 HPs)
             Began as a Formicid Abyssal Knight on May 29, 2020.
             Was a High Priest of Lugonu.
             Mangled by a manticore (16 damage)
             ... on level 10 of the Dungeon.
             The game lasted 00:20:43 (13504 turns).

Blackhawk the Carver (Formicid Abyssal Knight)     Turns: 13504, Time: 00:20:44

Health: -6/87      AC: 11    Str: 20    XL:     11   Next: 50%
Magic:  17/17      EV: 11    Int: 12    God:    Lugonu [*****.]
Gold:   322        SH:  5    Dex: 16    Spells: 10/10 levels left

rFire    + . .     SeeInvis +   x - +3 great sword
rCold    . . .     Gourm    .   (no shield)
rNeg     . . .     Faith    .   g - +1 chain mail {rF+}
rPois    +         Spirit   .   (helmet unavailable)
rElec    .         Reflect  +   (no cloak)
rCorr    .         Harm     .   (no gloves)
MR       +....                  (no boots)
Stlth    ..........             e - amulet of reflection
HPRegen  0.24/turn              q - ring of poison resistance
MPRegen  0.15/turn              i - +6 ring of dexterity

@: no status effects
A: permanent stasis, dig shafts and tunnels, four strong arms, antennae 3
a: Dig, Shaft Self, Depart the Abyss, Bend Space, Banish, Corrupt, Enter the
Abyss, Renounce Religion


You were on level 10 of the Dungeon.
You worshipped Lugonu.
Lugonu was extremely pleased with you.
You were hungry.

You visited 1 branch of the dungeon, and saw 10 of its levels.
You visited the Abyss 1 time.
You also visited: Sewer.

You collected 508 gold pieces.
You spent 186 gold pieces at shops.

Inventory:

Hand Weapons
 a - a +1 falchion
 x - a +3 great sword (weapon)
Missiles
 l - 14 poisoned darts (quivered)
Armour
 g - a +1 chain mail of fire resistance (worn)
 H - a +1 plate armour of cold resistance
Jewellery
 e - an amulet of reflection (around neck)
 i - a +6 ring of dexterity (right hand)
 q - a ring of poison resistance (left hand)
 I - a cursed +4 ring of protection {unknown}
Wands
 J - a wand of iceblast (6)
Scrolls
 b - 8 scrolls of identify
 d - 11 scrolls of remove curse {unknown}
 o - a scroll of enchant armour {unknown}
 p - 2 scrolls of noise {unknown}
 r - 5 scrolls of teleportation {unknown}
 s - 5 scrolls of enchant weapon {unknown}
 y - 3 scrolls of magic mapping {unknown}
 z - a scroll of fear {unknown}
 A - 4 scrolls of amnesia {unknown}
 C - 2 scrolls of blinking {unknown}
 E - a scroll of random uselessness {unknown}
 G - a scroll of acquirement {unknown}
Potions
 f - a potion of might
 h - 3 potions of lignification
 j - 2 potions of degeneration {unknown}
 k - 2 potions of resistance {unknown}
 m - 2 potions of mutation
 n - a potion of stabbing {unknown}
 t - 4 potions of curing
 u - a potion of magic {unknown}
 v - 2 potions of haste {unknown}
 w - 2 potions of heal wounds
 B - a potion of ambrosia {unknown}
 D - 2 potions of invisibility {unknown}
 F - 2 potions of flight {unknown}
Comestibles
 c - 26 rations


   Skills:
 + Level 8.6 Fighting
 * Level 9.7 Long Blades
 + Level 8.1 Armour
 + Level 6.4 Dodging
 + Level 8.9 Invocations


You had 10 spell levels left.
You didn't know any spells.
Your spell library contained the following spells:

 Spells                   Type           Power        Failure   Level  Hunger
 Animate Skeleton         Necr           N/A          95%         1    ##.....
 Apportation              Tloc           #.....       95%         1    ##.....
 Beastly Appendage        Tmut           #.....       95%         1    ##.....
 Corona                   Hex            #......      95%         1    ##.....
 Sting                    Tmut/Pois      #...         95%         1    ##.....
 Summon Small Mammal      Summ           #...         95%         1    ##.....
 Poisonous Vapours        Pois/Air       #.....       98%         2    ###....
 Sticks to Snakes         Tmut           #.......     98%         2    ###....
 Ignite Poison            Fire/Tmut/Pois #.......     100%        3    ####...
 Mephitic Cloud           Conj/Pois/Air  #.......     100%        3    ####...
 Spider Form              Tmut/Pois      #.........   100%        3    ####...
 Ice Form                 Ice/Tmut       #.......     100%        4    #####..
 Olgreb's Toxic Radiance  Pois           #.......     100%        4    #####..
 Blade Hands              Tmut           #.........   100%        5    ######.


Dungeon Overview and Level Annotations

Branches:
Dungeon (10/15)            Temple (0/1) D:6           Sewer (visited)
   Lair: D:8-11         Orc: D:9-12

Altars:
Ashenzari
Cheibriados
Nemelex Xobeh
Okawaru
Ru
Uskayaw
Vehumet
Xom

Shops:
D:4 *:**   D:7 !   D:9 :

Annotations:
D:8 2 transporters, Tenaya's ghost, amateur OgWr


Innate Abilities, Weirdness & Mutations

You cannot be hasted, slowed, berserked, paralysed or teleported.
You can dig through walls and to a lower floor.
Your four strong arms can wield two-handed weapons with a shield.
You have a pair of large antennae on your head. (SInv)


Message History

* * * LOW HITPOINT WARNING * * *
The manticore claws you.
* * * LOW HITPOINT WARNING * * *
The manticore closely misses you.
You barely miss the manticore.
The manticore is severely wounded.
The manticore bites you.
* * * LOW HITPOINT WARNING * * *
The manticore claws you but does no damage.
The manticore claws you.
* * * LOW HITPOINT WARNING * * *
You feel much better. The manticore bites you!!
* * * LOW HITPOINT WARNING * * *
The manticore claws you but does no damage.
The manticore claws you!
* * * LOW HITPOINT WARNING * * *
You hit the manticore.
The manticore is almost dead.
The manticore bites you!
You die...

##'#### ##########
#.....# ## .........#
#.....# ..#
..<......# ####.....+
#.#
.........###..'.....#
+
.........'...##.....#
.........##.###.....#
.........#H## #.....#
######'###@# ###'###
#...# ### .#
######.### .#
#.......#
#####>......#
.##.........#
.##.#.......#
....#.....<.#
.####.........


You could see a manticore.

Vanquished Creatures
  Harold (D:6)
  A two-headed ogre (D:9)
  A queen bee (D:10)
  A hippogriff (D:8)
  A spriggan (D:7)
  Eustachio (D:6)
  A steam dragon (D:5)
  A hungry ghost (D:7)
  Menkaure (D:7)
  6 orc warriors
  5 sky beasts
  An ice beast (D:10)
  4 ogres
  2 phantoms
  4 centaurs
  A crocodile (Sewer)
  7 bullfrogs
  A wyvern skeleton (D:7)
  A water moccasin skeleton (D:7)
  3 scorpions
  21 killer bees (D:10)
  10 wights
  5 howler monkeys
  3 crimson imps
  4 hounds
  A quasit (D:8)
  A centaur zombie (D:7)
  6 orc priests
  A gnoll shaman (D:4)
  3 bullfrog skeletons
  An iguana (D:5)
  5 worker ants
  12 orc wizards
  2 hound zombies (D:8)
  A hound skeleton (D:5)
  A howler monkey zombie (D:7)
  Robin (D:3)
  16 adders
  8 gnolls
  4 shadow imps
  2 oozes (D:1)
  An adder skeleton (D:7)
  5 worms
  3 dart slugs
  5 leopard geckos
  35 orcs
  10 giant cockroaches
  17 goblins
  8 hobgoblins
  2 jackals (Sewer)
  13 kobolds
  2 quokkas
  A ball python (D:2)
  8 bats
  7 frilled lizards
  2 leopard gecko skeletons
  A quokka zombie (D:7)
  8 rats
280 creatures vanquished.

Vanquished Creatures (others)
  An orc wizard (D:4)
1 creature vanquished.

Grand Total: 281 creatures vanquished

Notes
Turn   | Place    | Note
-------+----------+-------------------------------------------
     0 | Abyss:1  | Blackhawk the Formicid Abyssal Knight began the quest for
                  | the Orb.
     0 | Abyss:1  | Reached XP level 1. HP: 18/18 MP: 2/2
    70 | Abyss:1  | Found a corrupted altar of Lugonu.
   168 | Abyss:2  | Noticed a crimson imp
   182 | D:1      | Escaped the Abyss
   231 | D:1      | Reached skill level 1 in Dodging
   326 | D:1      | Reached XP level 2. HP: 22/24 MP: 3/3
   470 | D:1      | Reached * piety under Lugonu
   672 | D:1      | Reached XP level 3. HP: 29/29 MP: 4/4
  1410 | D:1      | Reached XP level 4. HP: 23/37 MP: 6/6
  2210 | D:2      | Reached ** piety under Lugonu
  2300 | D:2      | Reached XP level 5. HP: 42/42 MP: 7/7
  2761 | D:2      | Reached skill level 3 in Long Blades
  3227 | D:3      | Noticed Robin
  3254 | D:3      | Killed Robin
  3430 | D:4      | Reached XP level 6. HP: 44/48 MP: 8/8
  3547 | D:4      | Found Maten's Book Boutique.
  3635 | D:4      | Found Vutosuek's Assorted Antiques.
  3636 | D:4      | Noticed an ogre
  4018 | D:4      | Bought a scroll labeled OSALEC POXZE for 26 gold pieces
  4018 | D:4      | Bought a scroll labeled OSALEC POXZE for 26 gold pieces
  4018 | D:4      | Bought a scroll labeled QURUHE IR IMEU for 26 gold pieces
  4097 | D:4      | Reached *** piety under Lugonu
  4203 | D:4      | Found Jaughuss's Assorted Antiques.
  4207 | D:4      | Bought an amethyst potion for 24 gold pieces
  4207 | D:4      | Bought 2 amethyst potions for 48 gold pieces
  4473 | D:4      | Reached XP level 7. HP: 24/55 MP: 10/10
  4795 | D:4      | Reached skill level 5 in Fighting
  4909 | D:4      | Found a sparkling altar of Nemelex Xobeh.
  4937 | D:4      | Found Heug's General Store.
  5148 | D:5      | Entered Level 5 of the Dungeon
  5318 | D:5      | Found a glowing drain.
  5327 | D:5      | Reached skill level 4 in Long Blades
  5358 | Sewer    | Entered a sewer
  5366 | Sewer    | Reached **** piety under Lugonu
  5420 | Sewer    | Reached XP level 8. HP: 51/62 MP: 11/11
  5677 | D:5      | Reached skill level 5 in Invocations
  6290 | D:5      | Reached skill level 5 in Long Blades
  6444 | D:5      | Found a sacrificial altar of Ru.
  6721 | D:6      | Reached skill level 5 in Armour
  6795 | D:6      | Found a staircase to the Ecumenical Temple.
  6994 | D:6      | Reached XP level 9. HP: 58/69 MP: 13/13
  7067 | D:6      | Found a shattered altar of Ashenzari.
  7116 | D:6      | Found a snail-covered altar of Cheibriados.
  7121 | D:6      | Reached skill level 6 in Long Blades
  7406 | D:6      | Found a radiant altar of Vehumet.
  7408 | D:6      | Found a shimmering altar of Xom.
  7409 | D:6      | Noticed Eustachio
  7431 | D:6      | Killed Eustachio
  7974 | D:7      | Found Plog's Distillery.
  8020 | D:7      | Bought a potion of curing for 36 gold pieces
  8291 | D:7      | Noticed Harold
  8319 | D:7      | Reached skill level 7 in Long Blades
  8319 | D:7      | Noticed Menkaure
  8332 | D:6      | Killed Harold
  8332 | D:6      | Reached skill level 5 in Dodging
  8332 | D:6      | Reached XP level 10. HP: 52/79 MP: 15/15
  9095 | D:7      | Killed Menkaure
  9095 | D:7      | Reached skill level 8 in Long Blades
  9244 | D:7      | Found a hide-covered altar of Uskayaw.
 10109 | D:8      | Reached ***** piety under Lugonu
 10402 | D:8      | Found an iron altar of Okawaru.
 11034 | D:8      | Found a transporter.
 11036 | D:8      | Noticed Tenaya's ghost (amateur OgWr)
 11036 | D:8      | Noticed a moth of wrath
 11064 | D:8      | Found a transporter.
 11212 | D:9      | Reached XP level 11. HP: 50/86 MP: 17/17
 11399 | D:9      | Noticed a two-headed ogre
 11672 | D:9      | Reached skill level 9 in Long Blades
 11904 | D:9      | Found Lesug's Book Shop.
 11978 | D:9      | Killed a two-headed ogre
 12350 | D:10     | Entered Level 10 of the Dungeon
 13498 | D:10     | Noticed a manticore
 13504 | D:10     | Mangled by a manticore

Illustrated notes

Levels and vault maps discovered:
D:1:      minmay_arrival_wavy_path, layout_basic,
          wander_ebering_terrifying_dragon_lair
D:2:      minmay_diamond_boxcup, layout_basic, serial_glass, glass_columns_a,
          glass_columns_b
D:3:      layout_basic, uniq_robin
D:4:      layout_loops_corners, nemelex_xobeh_ov_fountains_minmay, serial_shops,
          nicolae_shop_overgrown_old_shop,
          nicolae_shop_temple_entry_statues_fountains, shop, shop, first_ration
D:5:      layout_basic, lemuel_doored_altar, cheibrodos_sewer_entry_drain,
          saegor_snake_ambush
D:6:      layout_cave_pools, cheibriados_altar_1, grunt_temple_overflow_open,
          minmay_temple_entry_gardened_gates, basic_altar, solitary_fountain,
          uniq_eustachio
D:7:      layout_layer_cave, basic_altar, serial_shops,
          nicolae_shop_window_shopping, the_bakery, hangedman_decor_opposing,
          uniq_harold, uniq_menkaure
D:8:      layout_layer_cave, lemuel_round_altar,
          gammafunk_ghost_berserking_beasts
D:9:      layout_loops_ring, serial_shops, shop, minivault_25
D:10:     layout_roguey [special_room_bee]

Skill      XL: |  1  2  3  4  5  6  7  8  9 10 11 |
---------------+----------------------------------+-----
Dodging        | 1 2 3 5 6 |  6.4
Invocations    | 3 4 5 7 8 |  8.9
Armour         | 3 4 5 6 7 8 |  8.1
Fighting       | 4 5 6 7 8 |  8.6
Long Blades    | 3 4 5 7 8 9 |  9.7

Action                   |  1- 3 |  4- 6 |  7- 9 | 10-12 || total
-------------------------+-------+-------+-------+-------++-------
Melee: Falchion          |    92 |   277 |       |       ||   369
       Great sword       |       |    13 |   295 |   316 ||   624
Invok: Depart the Abyss  |     1 |       |       |       ||     1
 Abil: Dig               |     1 |     3 |     3 |     1 ||     8
Evoke: Wand              |       |       |       |     4 ||     4
  Use: Scroll            |       |     4 |     1 |       ||     5
       Potion            |       |     1 |     1 |     1 ||     3
 Stab: Distracted        |       |       |     1 |       ||     1
  Eat: Chunk             |     1 |    11 |    16 |     7 ||    35
       Ration            |       |       |       |     3 ||     3
Armor: Chain mail        |    44 |   152 |   179 |   179 ||   554
Dodge: Dodged            |    37 |   116 |   196 |   239 ||   588
Block: Other             |    26 |    79 |    87 |   106 ||   298
       Reflection        |     2 |     3 |     1 |     3 ||     9
       Rpst.: Falchion   |    13 |    32 |       |       ||    45
       Great sword       |       |     1 |    66 |    70 ||   137

Table legend:
 A = Non-vault XP
 B = Vault XP
 C = Vault XP percentage of total XP
 D = Non-vault monster count
 E = Vault monster count
 F = Vault count percentage of total count
                 A         B        C        D         E       F
            +---------+---------+-------+---------+---------+-------
      Total |    8239 |    3369 |  29.0 |     221 |      60 |  21.4
            +---------+---------+-------+---------+---------+-------
        D:1 |      66 |       3 |   4.3 |      24 |       1 |   4.0
        D:2 |     104 |      30 |  22.4 |      27 |       9 |  25.0
        D:3 |      23 |      34 |  59.6 |      11 |      12 |  52.2
        D:4 |     546 |       0 |   0.0 |      28 |       0 |   0.0
        D:5 |     742 |      45 |   5.7 |      27 |       6 |  18.2
        D:6 |    1480 |    1161 |  44.0 |      28 |       2 |   6.7
        D:7 |    1061 |     401 |  27.4 |      18 |       2 |  10.0
        D:8 |    1856 |       0 |   0.0 |      31 |       0 |   0.0
        D:9 |    1474 |       0 |   0.0 |      14 |       0 |   0.0
       D:10 |     887 |    1584 |  64.1 |      13 |      22 |  62.9
      Sewer |       0 |     111 | 100.0 |       0 |       6 | 100.0
            +---------+---------+-------+---------+---------+-------
